 Seeded DCSS version 0.31-a0-128-g25add195a6 (webtiles) character file.

Game seed: 2700300885133496189 (custom seed)

92 Pimp the Conjurer (level 4, 0/35 HPs)
             Began as a Draconian Conjurer on June 1, 2023.
             Was an Initiate of Vehumet.
             Slain by Duvessa
             ... wielding a +0 short sword
              (8 damage)
             ... on level 4 of the Dungeon.
             The game lasted 00:05:18 (3380 turns).

Pimp the Conjurer (Draconian Conjurer)              Turns: 3380, Time: 00:05:18

Health: 0/35       AC:  6    Str: 10    XL:     4   Next: 35%
Magic:  4/8        EV: 12    Int: 18    God:    Vehumet [......]
Gold:   1048       SH:  0    Dex: 11    Spells: 5/8 levels left

rFire   . . .        l - +6 dagger of the Imperium {spect, rElec}
rCold   . . .        (no shield)
rNeg    . . .        (body armour unavailable)
rPois   .            (helmet restricted)
rElec   +            (no cloak)
rCorr   .            h - +0 pair of gloves
SInv    .            (no boots)
Will    +....        (no amulet)
Stlth   ++           q - ring of willpower
HPRegen 0.25/turn    (no ring)
MPRegen 0.11/turn

%: no passive effects
@: no status effects
A: AC +5, unfitting armour, cold-blooded
a: Renounce Religion


You were on level 4 of the Dungeon.
You worshipped Vehumet.
Vehumet was noncommittal.
You visited 1 branch of the dungeon, and saw 4 of its levels.

You collected 1048 gold pieces.

Inventory:

Hand Weapons
 b - a +0 short sword
 l - the +6 dagger of the Imperium (weapon) {spect, rElec}
   (You found it on level 2 of the Dungeon)

   rElec:     It insulates you from electricity.
Armour
 h - a +0 pair of gloves (worn)
Jewellery
 q - a ring of willpower (left hand)
Scrolls
 c - 2 scrolls of fear
 g - a scroll of amnesia
 i - 3 scrolls of enchant armour
 n - 2 scrolls of enchant weapon {unknown}
 o - a scroll of identify
 p - a scroll of blinking
Potions
 a - 2 potions of magic
 d - a potion of cancellation {unknown}
 e - a potion of degeneration
 f - a potion of brilliance
 j - 2 potions of ambrosia
 k - a potion of curing {unknown}
 m - a potion of haste {unknown}
 r - a potion of berserk rage {unknown}


   Skills:
 + Level 1.3 Fighting
 + Level 1.2 Short Blades
 + Level 2.5 Dodging
 - Level 2.1 Stealth
 + Level 2.6 Spellcasting
 + Level 4.4 Conjurations


You had 5 spell levels left.
You knew the following spells:

 Your Spells              Type           Power      Damage    Failure   Level
a - Magic Dart            Conj           72%        1d6       2%          1
b - Searing Ray           Conj           36%        2d5       4%          2

Your spell library contained the following spells:

 Spells                   Type           Power      Damage    Failure   Level
 Dazzling Flash           Conj/Hex       20%        N/A       21%         3
 Ozocubu's Armour         Ice            2%         N/A       45%         3
 Fulminant Prism          Conj/Hex       5%         3d7       56%         4
 Iskenderun's Mystic Bla  Conj/Tloc      10%        2d4       56%         4
 Iskenderun's Battlesphe  Conj           18%        2d7       58%         5
 Metabolic Englaciation   Hex/Ice        1%         N/A       99%         5
 Leda's Unmaking          Conj/Erth      5%         9d2       100%        6
 Simulacrum               Ice/Necr       1%         N/A       100%        6
 Spellforged Servitor     Conj/Summ      5%         N/A       100%        7


Dungeon Overview and Level Annotations

Branches:
Dungeon (4/15)
 Temple: D:4-7

Altars:
Sif Muna
Vehumet
Yredelemnul
Zin

Annotations:
D:4 Dowan, Duvessa


Innate Abilities, Weirdness & Mutations

Your plain brown scales are hard. (AC +5)
You cannot fit into any form of body armour.
You are cold-blooded and may be slowed by cold attacks.


Message History

(Press . to maintain the ray.) Duvessa barely misses you.
You hit Duvessa but do no damage.
Duvessa is lightly wounded.
Your +6 dagger of the Imperium {spect, rElec} hits Duvessa!
Duvessa closely misses you.
You hit Duvessa.
Duvessa is heavily wounded.
Your +6 dagger of the Imperium {spect, rElec} hits Duvessa but does no damage.
Duvessa hits you with a +0 short sword. Duvessa closely misses you.
You hit Duvessa.
Duvessa is heavily wounded.
Your +6 dagger of the Imperium {spect, rElec} barely misses Duvessa.
Duvessa closely misses you.
You hit Duvessa but do no damage.
Duvessa is heavily wounded.
Your +6 dagger of the Imperium {spect, rElec} hits Duvessa.
Duvessa says to your +6 dagger of the Imperium {spect, rElec}, "My weaknesses are his strengths!"
Duvessa hits your +6 dagger of the Imperium {spect, rElec} but does no damage.
Duvessa completely misses your +6 dagger of the Imperium {spect, rElec}.
You hit Duvessa but do no damage. You tail-slap Duvessa.
Duvessa is severely wounded.
Your +6 dagger of the Imperium {spect, rElec} barely misses Duvessa.
Duvessa closely misses you.
You completely miss Duvessa.
Duvessa is severely wounded.
Your +6 dagger of the Imperium {spect, rElec} closely misses Duvessa.
Duvessa barely misses your +6 dagger of the Imperium {spect, rElec}.
The iguana hisses menacingly.
Duvessa hits you with a +0 short sword.
You hit Duvessa but do no damage.
You tail-slap Duvessa, but do no damage.
Duvessa is severely wounded.
Your +6 dagger of the Imperium {spect, rElec} hits Duvessa but does no damage.
Dowan casts a spell.
Dowan blinks!
Duvessa hits you with a +0 short sword.
* * * LOW HITPOINT WARNING * * *
Your +6 dagger of the Imperium {spect, rElec} disappears.
Duvessa barely misses you. Duvessa hits you with a +0 short sword!
You die...

###############
#.............#
#.............#
#......@......#
##..###e##....#
#..##§l# ..#
#....e.# # ##.
#......# ....
#..#####
.....##..##..#
.............#
##...........#######


You could see Duvessa (fast), Dowan and an iguana.

Vanquished Creatures
  4 adders
  2 orcs
  4 bats (D:1)
  5 endoplasms
  2 giant cockroaches
  5 goblins
  3 hobgoblins
  5 kobolds
  3 quokkas
  10 ball pythons
  2 frilled lizards
  9 rats
54 creatures vanquished.

Notes
Turn   | Place    | Note
-------+----------+-------------------------------------------
     0 | D:1      | Pimp the Draconian Conjurer began the quest for the Orb.
     0 | D:1      | Reached XP level 1. HP: 14/14 MP: 3/3
   172 | D:1      | Reached XP level 2. HP: 20/20 MP: 3/5
   996 | D:1      | Reached XP level 3. HP: 27/27 MP: 3/6
  1313 | D:2      | Reached skill level 1 in Fighting
  1316 | D:2      | Learned a level 2 spell: Searing Ray
  1503 | D:2      | Reached skill level 1 in Short Blades
  1586 | D:2      | Identified the +6 dagger of the Imperium {spect, rElec}
  2027 | D:3      | Reached XP level 4. HP: 35/35 MP: 2/7
  2584 | D:3      | Found a glowing silver altar of Zin.
  2620 | D:3      | Identified a scroll of acquirement
  2620 | D:3      | Acquired 835 gold pieces
  2622 | D:3      | Found a shimmering blue altar of Sif Muna.
  2628 | D:3      | Found a basalt altar of Yredelemnul.
  2629 | D:3      | Found a radiant altar of Vehumet.
  2634 | D:3      | Became a worshipper of Vehumet
  3328 | D:4      | Noticed Duvessa
  3330 | D:4      | Noticed Dowan
  3380 | D:4      | Slain by Duvessa

Illustrated notes

Levels and vault maps discovered:
D:1:      sevenhm_arrival_forest_fort_small_4, layout_basic,
          kennysheep_pointless_box, minmay_misc_feat_x
D:2:      layout_basic
D:3:      layout_basic, chequers_temple_overflow_statue_of_worship, st_stairs_6,
          minivault_5
D:4:      layout_gridville, temple_fountains, minmay_unequal, uniq_sigmund,
          uniq_duvessa

Skill      XL: |  1  2  3 |
---------------+----------+-----
Stealth        | 2 |  2.1
Dodging        | 2 |  2.5
Fighting       | 1 |  1.3
Short Blades   | 1 |  1.2
Spellcasting   | |  2.6
Conjurations   | |  4.4

Action                     |  1- 3 |  4- 6 || total
---------------------------+-------+-------++-------
  Melee: Unarmed           |    10 |       ||    10
         Tailslap          |     2 |     2 ||     4
         Short sword       |     3 |       ||     3
         Dagger            |       |    10 ||    10
   Cast: Magic Dart        |    76 |    27 ||   103
         Searing Ray       |       |     3 ||     3
    Use: Scroll            |     4 |     8 ||    12
 Armour: Skin              |     5 |     6 ||    11
  Dodge: Dodged            |    16 |    16 ||    32

Table legend: (Time is in decaauts)
 A = Elapsed time spent in this place.
 B = Non-inter-level travel time spent in this place.
 C = Inter-level travel time spent in this place.
 D = Time resting spent in this place.
 E = Time spent auto-exploring this place.
 F = Levels seen in this place.
 G = Mean time per level.
                   A        B        C        D        E       F      G
               +--------+--------+--------+--------+--------+-----+--------+
         Total |   3383 |   3330 |     53 |    125 |   2837 |   4 |  845.8 |
       Dungeon |   3383 |   3330 |     53 |    125 |   2837 |   4 |  845.8 |
               +--------+--------+--------+--------+--------+-----+--------+

Top non-repeatable levels by time:
     D:3: 1214 daAuts
     D:1: 1198 daAuts
     D:2: 759 daAuts
     D:4: 211 daAuts
